 Dungeon Crawl Stone Soup version 0.30.0-17-ge0270778cf (webtiles) character file.

Game seed: 5243184090632420166

26140 Olilun0323 the Severer (level 12, 0/116 HPs)
             Began as a Minotaur Berserker on May 22, 2023.
             Was a High Priest of Trog.
             Slain by an anaconda (10 damage)
             ... led by a naga ritualist
             ... on level 1 of the Snake Pit.
             The game lasted 00:46:18 (9505 turns).

Olilun0323 the Severer (Minotaur Berserker)         Turns: 9505, Time: 00:46:19

Health: 0/116      AC: 20    Str: 26 (28) XL:     12   Next: 95%
Magic:  11/11      EV:  6    Int:  1 (4)  God:    Trog [*****.]
Gold:   303        SH:  8    Dex:  7 (9)  Spells: 11/11 levels left

rFire   + . .        x - +9 war axe of Dried Tears {speed, rPois Will- SInv}
rCold   . . .        K - +0 kite shield
rNeg    . . .        A - +0 chain mail
rPois   +            T - +2 hat
rElec   .            E - +2 cloak
rCorr   .            M - +0 pair of gloves
SInv    +            y - +0 pair of boots
Will    .....        L - amulet of regeneration Stlth
                     f - ring of protection from fire
HPRegen 1.19/turn    G - ring of see invisible
MPRegen 0.12/turn

%: no passive effects
@: brilliant, constricted, studying Maces & Flails
A: horns 2, retaliatory headbutt
a: Renounce Religion, Berserk, Trog's Hand, Brothers in Arms


You were on level 1 of the Snake Pit.
You worshipped Trog.
Trog was extremely pleased with you.
You visited 3 branches of the dungeon, and saw 15 of its levels.

You collected 693 gold pieces.
You spent 390 gold pieces at shops.

Inventory:

Hand Weapons
 a - a +0 hand axe
 v - a +0 scythe
 x - the +9 war axe of Dried Tears (weapon) {speed, rPois Will- SInv}
   (You found it on level 3 of the Dungeon)

   rPois:     It protects you from poison.
   SInv:      It lets you see invisible.
   Will:      It decreases your willpower.
 F - the +10 hammer of Ceuthecei {antimagic, Fragile rC- Int+8 SInv}
   (You found it on level 6 of the Dungeon)

   Int:       It affects your intelligence (+8).
   rC:        It makes you vulnerable to cold.
   SInv:      It lets you see invisible.
   Fragile:   It will be destroyed if unequipped.
Armour
 b - a +0 animal skin
 o - a +0 cloak
 r - a +0 leather armour
 y - a +0 pair of boots (worn)
 z - a +0 scale mail
 A - a +0 chain mail (worn)
 E - a +2 cloak (worn)
 K - a +0 kite shield (worn)
 M - a +0 pair of gloves (worn)
 T - a +2 hat (worn)
Jewellery
 c - an amulet of magic regeneration
 f - a ring of protection from fire (left hand)
 G - a ring of see invisible (right hand)
 L - an amulet of regeneration (around neck)
 O - a ring of resist corrosion
 V - a +5 ring of evasion
Wands
 w - a wand of iceblast (2)
 P - a wand of acid (7)
 S - a wand of flame (16)
 U - a wand of charming (4)
Scrolls
 d - 6 scrolls of identify {unknown}
 e - 2 scrolls of fog {unknown}
 g - a scroll of brand weapon {unknown}
 h - a scroll of magic mapping {unknown}
 k - 4 scrolls of fear
 l - 2 scrolls of silence {unknown}
 n - 4 scrolls of teleportation {unknown}
 q - a scroll of enchant armour {unknown}
 t - 2 scrolls of amnesia {unknown}
 B - a scroll of acquirement {unknown}
 C - 3 scrolls of vulnerability {unknown}
 I - 2 scrolls of noise {unknown}
 J - a scroll of butterflies {unknown}
 Q - a scroll of poison {unknown}
 R - a scroll of torment {unknown}
 W - a scroll of blinking {unknown}
Potions
 i - 4 potions of cancellation {unknown}
 j - a potion of brilliance
 m - 10 potions of curing {unknown}
 p - 5 potions of degeneration
 s - 5 potions of heal wounds {unknown}
 u - 2 potions of lignification {unknown}
 D - 5 potions of haste {unknown}
 H - a potion of might {unknown}
 N - a potion of berserk rage {unknown}


   Skills:
 + Level 13.8 Fighting
 + Level 17.7 Axes
 + Level 11.6 Armour
 + Level 5.5 Dodging
 + Level 2.3 Stealth
 + Level 5.6 Shields


You had 11 spell levels left.
You didn't know any spells.
Your spell library was empty.

Dungeon Overview and Level Annotations

Branches:
Dungeon (11/15)            Temple (0/1) D:4            Lair (3/5) D:11
 Shoals (0/4) Lair:2        Snake (1/4) Lair:3
    Orc: D:9-12

Altars:
Fedhas
Makhleb
Qazlal
Sif Muna
Trog

Shops:
D:1 :[=?   D:4 [   D:5 !   D:7 [


Innate Abilities, Weirdness & Mutations

You have a pair of horns on your head.
You reflexively headbutt those who attack you in melee.


Message History

You block the anaconda's attack. The anaconda constricts you.
You slice the anaconda!! Your headbutt misses the anaconda.
The anaconda is heavily wounded.
The anaconda bites you.
* * * LOW HITPOINT WARNING * * *
The anaconda constricts you.
* * * LOW HITPOINT WARNING * * *
The naga mage hits you but does no damage.
You closely miss the anaconda.
The anaconda is moderately wounded.
The anaconda bites you but does no damage.
The anaconda constricts you. The naga mage closely misses you.
A mana viper comes into view.
You slash the anaconda!
The anaconda is severely wounded.
The anaconda bites you but does no damage.
The anaconda constricts you.
* * * LOW HITPOINT WARNING * * *
The naga mage hits you from afar with a +0 halberd!
* * * LOW HITPOINT WARNING * * *
You barely miss the anaconda. Your headbutt misses the anaconda.
The anaconda is severely wounded.
The anaconda bites you!
* * * LOW HITPOINT WARNING * * *
The anaconda constricts you. You block the naga mage's attack.
As you read the scroll of fear, it crumbles to dust.
You assume a fearsome visage.
The naga mage looks frightened!
The naga looks frightened!
The mana viper resists with some effort.
The anaconda looks frightened!
The black mamba looks frightened!
Something loses its grip on you.
It was a potion of brilliance.
You feel clever all of a sudden.
You block the anaconda's attack. x2; The anaconda barely misses you.
You block the anaconda's attack.
It was a potion of degeneration.
There was something very wrong with that liquid.
You feel weakened.
You feel dopey.
You feel clumsy. The anaconda grabs you. The anaconda bites you!
You die...

##....#
###..#
#...#
#..##
#...#
#...#
#...##
##...#.#
##@..#
#NS####
#.S ##N
.N ..
..# ..


You could see 2 anacondas, a naga ritualist, a naga mage (fast, fleeing) and a
naga (curare, fleeing).

Vanquished Creatures
  Gastronok (Lair:1)
  2 anacondas (Snake:1)
  Erica (D:10)
  2 boulder beetles (D:9)
  3 two-headed ogres
  A naga warrior (Snake:1)
  A skyshark (Lair:2)
  A lindwurm (Lair:2)
  4 elephants
  A guardian serpent (Snake:1)
  2 black mambas
  5 cane toads
  3 komodo dragons
  3 trolls
  A hornet (Lair:1)
  Prince Ribbit (D:6)
  9 blink frogs (Lair:1)
  Sigmund (D:3)
  A shadow (D:11)
  A spriggan (Lair:1)
  3 wyverns
  A vampire (D:8)
  A wraith (D:7)
  22 yaks
  Eustachio (D:5)
  A steam dragon (D:10)
  2 basilisks
  3 nagas
  Edmund (D:6)
  4 water moccasins
  An orc warrior (D:8)
  3 ice beasts
  3 black bears
  25 wolves (Lair:1)
  An ogre (D:5)
  4 centaurs
  A phantom (D:6)
  4 kobold brigands
  8 bullfrogs
  14 wights
  3 scorpions
  A jelly (D:4)
  5 killer bees (D:8)
  3 hounds (D:7)
  Crazy Yiuf (D:6)
  3 gnoll boudas
  5 orc priests
  An iguana (D:4)
  3 sleepcaps
  6 orc wizards
  10 gnolls
  9 adders
  A river rat (D:4)
  2 white imps (D:6)
  2 ufetubi
  2 worms
  4 dart slugs
  29 orcs
  A bat (D:1)
  4 endoplasms
  10 goblins
  9 hobgoblins
  3 jackals (D:4)
  7 quokkas
  5 ball pythons
  4 frilled lizards
  21 kobolds
  7 rats
308 creatures vanquished.

Vanquished Creatures (collateral kills)
  An ufetubus (D:7)
1 creature vanquished.

Grand Total: 309 creatures vanquished

Notes
Turn   | Place    | Note
-------+----------+-------------------------------------------
     0 | D:1      | Olilun0323 the Minotaur Berserker began the quest for the
                  | Orb.
     0 | D:1      | Reached XP level 1. HP: 19/19 MP: 0/0
    12 | D:1      | Found Searile's Armour Emporium.
   160 | D:1      | Found Meuph's Jewellery Boutique.
   184 | D:1      | Reached XP level 2. HP: 27/27 MP: 1/1
   384 | D:1      | Found Zuicheu's Book Shoppe.
   418 | D:1      | Found a faded altar of an unknown god.
   447 | D:1      | Found Qecig's Magic Scroll Shoppe.
   452 | D:1      | Reached skill level 4 in Axes
   936 | D:2      | Reached XP level 3. HP: 8/33 MP: 2/2
  1063 | D:2      | Found a burning altar of Makhleb.
  1348 | D:3      | Noticed Sigmund
  1356 | D:3      | Killed Sigmund
  1357 | D:3      | Reached skill level 5 in Fighting
  1357 | D:3      | Reached skill level 5 in Axes
  1357 | D:3      | Reached XP level 4. HP: 30/42 MP: 3/3
  1357 | D:3      | Reached XP level 5. HP: 34/48 MP: 4/4
  1404 | D:3      | Identified the +9 war axe of Dried Tears {speed, rPois
                  | Will- SInv}
  1441 | D:3      | Reached ** piety under Trog
  2048 | D:3      | Reached skill level 6 in Axes
  2048 | D:3      | Reached XP level 6. HP: 52/56 MP: 5/5
  2310 | D:4      | Found a staircase to the Ecumenical Temple.
  2355 | D:4      | Found a bloodstained altar of Trog.
  2587 | D:4      | Found Biuddiq's Armour Boutique.
  2610 | D:4      | Reached skill level 7 in Axes
  2661 | D:4      | Reached XP level 7. HP: 62/62 MP: 6/6
  2773 | D:4      | Reached *** piety under Trog
  2838 | D:4      | Found a stormy altar of Qazlal.
  3024 | D:5      | Entered Level 5 of the Dungeon
  3204 | D:5      | Found Zackon's Distillery.
  3207 | D:5      | Noticed Eustachio
  3218 | D:5      | Reached skill level 8 in Axes
  3222 | D:5      | Killed Eustachio
  3223 | D:5      | Reached XP level 8. HP: 71/71 MP: 7/7
  3292 | D:5      | Reached skill level 9 in Axes
  3776 | D:6      | Noticed Prince Ribbit
  3783 | D:6      | Killed Prince Ribbit
  3784 | D:6      | Reached skill level 10 in Axes
  3784 | D:6      | Reached skill level 5 in Armour
  3830 | D:6      | Noticed Edmund
  3839 | D:6      | Killed Edmund
  3840 | D:6      | Reached skill level 1 in Stealth
  3963 | D:6      | Found a runed translucent door.
  3964 | D:6      | Noticed Crazy Yiuf
  4109 | D:6      | Reached XP level 9. HP: 67/80 MP: 8/8
  4359 | D:6      | Killed Crazy Yiuf
  4363 | D:6      | Identified the +10 hammer of Ceuthecei {antimagic, Fragile
                  | rC- Int+8 SInv}
  4491 | D:7      | Reached skill level 11 in Axes
  4669 | D:7      | Reached **** piety under Trog
  4687 | D:7      | Found a burning altar of Makhleb.
  4689 | D:7      | Found a shimmering blue altar of Sif Muna.
  4696 | D:7      | Found a blossoming altar of Fedhas.
  4705 | D:7      | Found Paynocou's Armour Boutique.
  4819 | D:7      | Reached skill level 12 in Axes
  5041 | D:8      | Found a flagged portal.
  5262 | D:8      | Noticed a two-headed ogre
  5269 | D:8      | Killed a two-headed ogre
  5270 | D:8      | Reached skill level 13 in Axes
  5270 | D:8      | Reached XP level 10. HP: 91/91 MP: 9/9
  6066 | D:9      | Reached skill level 10 in Fighting
  6066 | D:9      | Noticed a boulder beetle
  6077 | D:9      | Killed a boulder beetle
  6378 | D:1      | Bought an amulet of regeneration for 390 gold pieces
  6595 | D:9      | Noticed a boulder beetle
  6610 | D:9      | Killed a boulder beetle
  6611 | D:9      | Reached skill level 5 in Dodging
  6630 | D:9      | Reached skill level 14 in Axes
  6901 | D:9      | Noticed a two-headed ogre
  6907 | D:9      | Killed a two-headed ogre
  6908 | D:9      | Reached XP level 11. HP: 91/102 MP: 10/10
  6984 | D:10     | Entered Level 10 of the Dungeon
  7186 | D:10     | Noticed a two-headed ogre
  7191 | D:10     | Killed a two-headed ogre
  7460 | D:10     | Noticed Erica
  7476 | D:10     | Killed Erica
  7477 | D:10     | Reached skill level 1 in Shields
  7568 | D:11     | Reached skill level 15 in Axes
  7615 | D:11     | Found a staircase to the Lair.
  7630 | D:11     | Reached ***** piety under Trog
  7639 | D:11     | Reached skill level 10 in Armour
  7666 | Lair:1   | Entered Level 1 of the Lair of Beasts
  7774 | Lair:1   | Found a dark tunnel.
  7862 | Lair:1   | Reached skill level 16 in Axes
  7893 | Lair:1   | Received a gift from Trog
  7902 | Lair:1   | Noticed a spriggan rider
  7915 | Lair:1   | Reached XP level 12. HP: 73/113 MP: 11/11
  7986 | Lair:1   | Noticed Gastronok
  8012 | Lair:1   | Killed Gastronok
  8013 | Lair:1   | Reached skill level 17 in Axes
  8941 | Lair:2   | Identified the +9 dagger of the Verdant God {antimagic,
                  | rCorr Int+3}
  9089 | Lair:2   | Found a staircase to the Shoals.
  9291 | Lair:3   | Found a staircase to the Snake Pit.
  9357 | Lair:3   | Reached skill level 5 in Shields
  9377 | Snake:1  | Entered Level 1 of the Snake Pit
  9378 | Snake:1  | Noticed a naga warrior
  9380 | Snake:1  | Noticed an anaconda
  9387 | Snake:1  | Killed an anaconda
  9394 | Snake:1  | Killed a naga warrior
  9481 | Snake:1  | Noticed an anaconda
  9487 | Snake:1  | Noticed an anaconda
  9488 | Snake:1  | Noticed an anaconda
  9496 | Snake:1  | Killed an anaconda
  9505 | Snake:1  | Slain by an anaconda

Illustrated notes

Levels and vault maps discovered:
D:1:      lemuel_arrival_hallway, layout_basic,
          shapermc_ecumenical_altar_totnotflames, serial_shops,
          nicolae_shop_statue_plus, shop, shop, shop
D:2:      layout_rooms, basic_altar
D:3:      layout_basic, uniq_sigmund
D:4:      layout_basic, trog_three_pillars_becter,
          nicolae_qazlal_eye_of_the_storm, minmay_temple_entry_statues_pillars,
          lightli_sewer_entry_pipes, serial_shops, shop_statue
D:5:      layout_rooms, serial_shops, shop, uniq_eustachio
D:6:      layout_cave_pools, uniq_prince_ribbit1, uniq_crazy_yiuf_cottage,
          uniq_edmund
D:7:      layout_cave_pools, gammafunk_temple_overflow_forgotten, serial_shops,
          shop
D:8:      layout_basic, enter_bailey_5
D:9:      layout_cave_pools, nzn_sisyphean_effort
D:10:     layout_roguey, uniq_erica
D:11:     layout_roguey, david_lair_generic
Lair:1:   layout_loops_ring, nicolae_volcano_entry_two_sided,
          grunt_forest_large_clearings, uniq_gastronok
Lair:2:   layout_regular_city, elwin_shoals_entry_rooms
Lair:3:   layout_long_grid, guppyfry_snake_entry_garden,
          gammafunk_ghost_abyssal_escape, infiniplex_staircase_pool,
          uniq_josephine
Snake:1:  layout_concentric_octagons

Skill      XL: |  1  2  3  4  5  6  7  8  9 10 11 12 |
---------------+-------------------------------------+-----
Axes           | 4 5 6 7 8 10 13 14 16 17 | 17.7
Fighting       | 4 5 6 7 9 11 12 13 | 13.8
Armour         | 3 4 5 7 9 10 11 | 11.6
Dodging        | 3 4 5 |  5.5
Stealth        | 1 2 |  2.3
Shields        | 3 5 |  5.6

Action                     |  1- 3 |  4- 6 |  7- 9 | 10-12 || total
---------------------------+-------+-------+-------+-------++-------
  Melee: Hand axe          |    69 |       |       |       ||    69
         Headbutt          |     8 |     5 |    24 |    95 ||   132
         War axe           |       |    65 |   203 |   402 ||   670
         Punch             |       |     2 |     1 |     2 ||     5
 Invoke: Berserk           |     1 |     1 |     5 |     5 ||    12
         Brothers in Arms  |       |       |     1 |       ||     1
    Use: Scroll            |       |       |     1 |     1 ||     2
         Potion            |       |       |       |     2 ||     2
 Armour: Animal skin       |    11 |       |       |       ||    11
         Leather armour    |     7 |     3 |       |       ||    10
         Scale mail        |       |     5 |       |       ||     5
         Chain mail        |       |     4 |    71 |   129 ||   204
  Dodge: Dodged            |    48 |    28 |    69 |    93 ||   238
  Block: Kite shield       |       |       |       |    85 ||    85
